 Dungeon Crawl Stone Soup version 0.32-a0-571-gec57dfcd37 (webtiles) character file.

Game seed: 208822238979723023

437 BeKind the Slasher (level 6, -1/84 HPs)
             Began as a Minotaur Berserker on Feb 29, 2024.
             Was a Believer of Trog.
             Slain by an iguana (4 damage)
             ... on level 4 of the Dungeon.
             The game lasted 00:03:59 (3690 turns).

BeKind the Slasher (Minotaur Berserker)             Turns: 3690, Time: 00:04:00

Health: -1/84      AC:  3    Str: 23    XL:     6   Next: 69%
Magic:  0/5        EV:  9    Int:  4    God:    Trog [**....]
Gold:   197        SH:  0    Dex: 10    Spells: 5/5 levels left

rFire   + . .        m - +2 dagger (venom)
rCold   . . .        (no shield)
rNeg    . . .        s - +2 chain mail {rF+}
rPois   .            (helmet restricted)
rElec   .            (no cloak)
rCorr   .            (no gloves)
SInv    .            (no boots)
Will    .....        o - amulet of guardian spirit Stlth
                     h - ring of flight
HPRegen 0.34/turn    (no ring)
MPRegen 0.09/turn

%: guardian spirit
@: berserking, corroded, flying, very quick
A: horns 2, retaliatory headbutt
a: Renounce Religion, Berserk, Trog's Hand


You were on level 4 of the Dungeon.
You worshipped Trog.
Trog was pleased with you.
You visited 1 branch of the dungeon, and saw 4 of its levels.

You collected 197 gold pieces.

Inventory:

Hand Weapons
 a - a +0 falchion
 d - a +0 long sword
 m - a +2 dagger of venom (weapon)
Armour
 b - a +0 animal skin
 l - a +1 robe of positive energy
 s - a +2 chain mail of fire resistance (worn)
Jewellery
 f - a ring of magical power
 h - a ring of flight (left hand)
 n - a ring of protection from fire
 o - an amulet of guardian spirit (around neck)
Scrolls
 k - a scroll of poison {unknown}
 p - a scroll of teleportation {unknown}
 q - a scroll of enchant weapon {unknown}
 r - a scroll of identify {unknown}
 w - a scroll of butterflies {unknown}
 x - a scroll of amnesia {unknown}
Potions
 c - a potion of heal wounds {unknown}
 e - 2 potions of cancellation {unknown}
 g - a potion of berserk rage {unknown}
 i - a potion of brilliance {unknown}
 j - 2 potions of might {unknown}
 t - a potion of curing {unknown}
 u - a potion of lignification {unknown}
 v - a potion of attraction {unknown}


   Skills:
 + Level 5.5 Fighting
 + Level 5.5 Long Blades
 + Level 4.7 Armour
 + Level 4.3 Dodging


You had 5 spell levels left.
You didn't know any spells.
Your spell library was empty.

Dungeon Overview and Level Annotations

Branches:
Dungeon (4/15)
 Temple: D:4-7

Altars:
Wu Jian


Innate Abilities, Weirdness & Mutations

You have a pair of horns on your head.
You reflexively headbutt those who attack you in melee.


Message History

You hit the jelly.
Your hands burn!
The jelly is heavily wounded.
The jelly hits you but does no damage.
You hit the jelly but do no damage. The acid corrodes you!
Your hands burn!
The jelly is severely wounded.
The jelly hits you.
You are splashed with acid!
You hit the jelly.
Your hands burn!
The jelly is almost dead.
The jelly barely misses you.
You are too injured to fight recklessly!
You are too injured to fight recklessly!
You are too injured to fight recklessly!
You hit the jelly but do no damage.
Your hands burn!
The jelly is almost dead.
The jelly hits you.
You are splashed with acid!
* * * LOW HITPOINT WARNING * * *
You hit the jelly but do no damage.
Your hands burn!
* * * LOW HITPOINT WARNING * * *
The jelly is almost dead.
The jelly hits you but does no damage.
A red film seems to cover your vision as you go berserk!
You feel yourself moving faster!
You feel mighty! The iguana barely misses you.
The jelly hits you but does no damage.
You hit the jelly but do no damage.
Your hands burn!
* * * LOW HITPOINT WARNING * * *
You headbutt the jelly.
You kill the jelly!
Trog accepts your kill. The iguana closely misses you.
You barely miss the iguana.
You headbutt the iguana, but do no damage.
You hit the iguana.
The iguana is poisoned.
Your headbutt misses the iguana.
The iguana is lightly wounded.
The iguana bites you!
* * * LOW HITPOINT WARNING * * *
You puncture the iguana!
The iguana looks as sick as possible!
Your headbutt misses the iguana.
The iguana is severely wounded.
The iguana bites you.
You die...

#.#.........##..##........... .
#.........###.#...........#
#.........#...# #.........###..
..##..........###.........##...
##..........###.....##......
#..........###.#..# #....##
....#........##.... .......
...#.#.....l.).......#......#
...#.###....@...##......##...
#...........# ##.# #.#(
............... #.
.##....?....... ..#.
#............ #..
.............. #..
......#........ #..
###...#........ .... ....


You could see an iguana (extremely poisoned).

Vanquished Creatures
  A hound (D:4)
  A jelly (D:4)
  2 orc priests
  An iguana (D:4)
  Jessica (D:2)
  Terence (D:3)
  Natasha (thrice) (D:3)
  An orc wizard (D:4)
  A gnoll (D:1)
  7 adders
  A dart slug (D:2)
  2 ribbon worms (D:3)
  5 orcs
  4 endoplasms
  A giant cockroach (D:1)
  6 goblins
  4 hobgoblins
  A jackal (D:2)
  6 ball pythons
  2 bats
  2 frilled lizards (D:1)
  8 kobolds
  8 rats
69 creatures vanquished.

Notes
Turn   | Place    | Note
-------+----------+-------------------------------------------
     0 | D:1      | BeKind the Minotaur Berserker began the quest for the Orb.
     0 | D:1      | Reached XP level 1. HP: 19/19 MP: 0/0
   505 | D:1      | Reached XP level 2. HP: 11/27 MP: 1/1
  1065 | D:1      | Reached XP level 3. HP: 30/33 MP: 2/2
  1823 | D:2      | Noticed Jessica
  1829 | D:2      | Killed Jessica
  1830 | D:2      | Reached XP level 4. HP: 41/41 MP: 3/3
  2192 | D:3      | Noticed Natasha
  2196 | D:3      | Killed Natasha
  2474 | D:3      | Reached ** piety under Trog
  2483 | D:3      | Reached XP level 5. HP: 42/47 MP: 4/4
  2665 | D:3      | Noticed Terence
  2673 | D:3      | Killed Terence
  2836 | D:3      | Found an ornate altar of the Wu Jian Council.
  2933 | D:3      | Reached skill level 5 in Long Blades
  2964 | D:3      | Reached skill level 5 in Fighting
  3091 | D:3      | Noticed Natasha
  3098 | D:3      | Killed Natasha
  3240 | D:3      | Noticed Natasha
  3242 | D:3      | Killed Natasha
  3243 | D:3      | Reached XP level 6. HP: 56/56 MP: 5/5
  3689 | D:4      | HP: 3/84 [iguana (10)]
  3690 | D:4      | Slain by an iguana

Illustrated notes

Levels and vault maps discovered:
D:1:      ncdulo_watergridlock, layout_basic, serial_aquarium,
          aquarium_bridge_square [aquarium_subvault_bridge,
          aquarium_subvault_bridge, aquarium_subvault_wall,
          aquarium_subvault_bridge], aquarium_window_2, aquarium_window_1,
          aquarium_window_fake, aquarium_view_2a
D:2:      layout_basic, minmay_misc_feat_enclosed, minmay_tetromino_o2,
          uniq_jessica
D:3:      layout_basic, marbit_many_paths, serial_bayou, serial_bayou_pond_d,
          serial_bayou_shore_b, serial_bayou_lake_a, serial_bayou_pond_c,
          nicolae_underground_beach, uniq_natasha, uniq_terence
D:4:      layout_cave_pools, minmay_temple_entry_arrows

Skill      XL: |  1  2  3  4  5  6 |
---------------+-------------------+-----
Long Blades    | 4 5 |  5.5
Fighting       | 4 5 |  5.5
Armour         | 3 4 |  4.7
Dodging        | 3 4 |  4.3

Action                     |  1- 3 |  4- 6 || total
---------------------------+-------+-------++-------
  Melee: Falchion          |    24 |       ||    24
         Headbutt          |    14 |    19 ||    33
         Long sword        |    54 |    25 ||    79
         Dagger            |       |    94 ||    94
 Invoke: Berserk           |     2 |     5 ||     7
 Armour: Animal skin       |    63 |       ||    63
         Robe              |       |    28 ||    28
         Chain mail        |       |    53 ||    53
  Dodge: Dodged            |    34 |    48 ||    82

Table legend: (Time is in decaauts)
 A = Elapsed time spent in this place.
 B = Non-inter-level travel time spent in this place.
 C = Inter-level travel time spent in this place.
 D = Time resting spent in this place.
 E = Time spent auto-exploring this place.
 F = Levels seen in this place.
 G = Mean time per level.
                   A        B        C        D        E       F      G
               +--------+--------+--------+--------+--------+-----+--------+
         Total |   3752 |   3568 |    184 |    817 |   2263 |   4 |  938.0 |
       Dungeon |   3752 |   3568 |    184 |    817 |   2263 |   4 |  938.0 |
               +--------+--------+--------+--------+--------+-----+--------+

Top non-repeatable levels by time:
     D:1: 1410 daAuts
     D:3: 1263 daAuts
     D:2: 785 daAuts
     D:4: 293 daAuts
